 Dungeon Crawl Stone Soup version 0.30-a0-622-gddc90eaa04 (webtiles) character file.

Game seed: 11836007315323418357

325 Leeroy the Carver (level 6, -3/42 (44) HPs)
             Began as a Merfolk Gladiator on Jan 10, 2023.
             Slain by an iguana (6 damage)
             ... on level 5 of the Dungeon.
             The game lasted 00:02:53 (2353 turns).

Leeroy the Carver (Merfolk Gladiator)               Turns: 2353, Time: 00:02:54

HP:   -3/42 (44)    AC:  4    Str: 14    XL:     6   Next: 48%
MP:   6/6           EV: 13    Int:  7    God:
Gold: 246           SH:  0    Dex: 18    Spells: 5/5 levels left

rFire   . . .      SeeInvis .    a - +0 long sword
rCold   . . .      Faith    .    (no shield)
rNeg    . . .      Spirit   .    b - +0 leather armour
rPois   .          Reflect  .    c - +0 helmet
rElec   .          Harm     .    (no cloak)
rCorr   .          Rampage  .    (no gloves)
Will    .....                    (no boots)
Stlth   +                        (no amulet)
HPRegen 0.27/turn                (no ring)
MPRegen 0.10/turn                (no ring)

@: mighty, attractive, flying, hasted, lightly drained, very quick
A: (nimble swimmer 2), mertail
a: no special abilities


You were on level 5 of the Dungeon.
You visited 1 branch of the dungeon, and saw 5 of its levels.

You collected 246 gold pieces.

Inventory:

Hand Weapons
 a - a +0 long sword (weapon)
Missiles
 d - 3 throwing nets (quivered)
 e - a javelin
Armour
 b - a +0 leather armour (worn)
 c - a +0 helmet (worn)
Jewellery
 o - a ring of flight
Wands
 r - a wand of polymorph (6)
Scrolls
 g - 2 scrolls of poison {unknown}
 h - a scroll of blinking {unknown}
 i - 2 scrolls of identify {unknown}
 j - a scroll of fog {unknown}
 l - a scroll of teleportation {unknown}
 n - a scroll of amnesia {unknown}
 q - 2 scrolls of immolation {unknown}


   Skills:
 - Level 2.1 Fighting
 * Level 8.5 Long Blades
 - Level 2.0 Throwing
 - Level 4.0 Dodging


You had 5 spell levels left.
You didn't know any spells.
Your spell library contained the following spells:

 Spells                   Type           Power      Damage    Failure   Level
 Gell's Gravitas          Tloc           0%         N/A       87%         3
 Teleport Other           Tloc           0%         N/A       87%         3
 Dispersal                Tloc           0%         N/A       100%        6


Dungeon Overview and Level Annotations

Branches:
Dungeon (5/15)
 Temple: D:4-7

Altars:
Cheibriados
The Shining One


Innate Abilities, Weirdness & Mutations

((You are very nimble when in or above water. (Stealth+, EV+, Speed+++)))
Your lower body shifts to a powerful aquatic tail in water.


Message History

The iguana hisses angrily.
Found a stone staircase leading down.
There is a stone staircase leading up here.
You completely miss the ufetubus. The ufetubus barely misses you. x2
The ufetubus hits you.
* * * LOW HITPOINT WARNING * * *
The ufetubus closely misses you.
It was a potion of attraction.
You feel attractive to monsters.
The ufetubus hits you but does no damage.
The ufetubus closely misses you. The iguana is attracted toward you.
The scorpion is attracted toward you.
It was a potion of flight.
You feel very buoyant.
You fly up into the air.
The ufetubus closely misses you. x2
The scorpion stings you but does no damage.
The ufetubus hits you.
* * * LOW HITPOINT WARNING * * *
The ufetubus hits you.
* * * LOW HITPOINT WARNING * * *
The iguana misses you.
It was a potion of haste.
You feel yourself speed up.
The scorpion stings you but does no damage.
The ufetubus hits you but does no damage. x2
The iguana barely misses you.
You feel very mighty all of a sudden. The scorpion closely misses you.
The ufetubus hits you but does no damage.
The ufetubus misses you.
You slash the ufetubus!
You kill the ufetubus!
The scorpion stings you but does no damage.
The iguana bites you.
* * * LOW HITPOINT WARNING * * *
You slash the scorpion!
The scorpion is severely wounded.
The scorpion stings you.
* * * LOW HITPOINT WARNING * * *
The iguana bites you.
You die...

#..........##
#...........#
............
...........
#......>...
#..........
#.ls......
#@.......
#........
##.......
#......
#..... ##...
##.


You could see a scorpion and an iguana.

Vanquished Creatures
  Grinder (D:3)
  A howler monkey (D:4)
  2 adders (D:3)
  2 ufetubi
  An adder zombie (D:2)
  A worm (D:3)
  2 dart slugs
  An orc (D:3)
  6 endoplasms
  2 giant cockroaches (D:1)
  6 goblins
  6 hobgoblins
  4 jackals (D:2)
  5 kobolds
  A quokka (D:2)
  2 ball pythons (D:2)
  3 bats
  3 frilled lizards
  A giant cockroach zombie (D:2)
  A jackal skeleton (D:2)
  A quokka zombie (D:2)
  3 rats
55 creatures vanquished.

Notes
Turn   | Place    | Note
-------+----------+-------------------------------------------
     0 | D:1      | Leeroy the Merfolk Gladiator began the quest for the Orb.
     0 | D:1      | Reached XP level 1. HP: 16/16 MP: 1/1
   144 | D:1      | Reached skill level 4 in Long Blades
   159 | D:1      | Found a faded altar of an unknown god.
   168 | D:1      | Reached XP level 2. HP: 18/22 MP: 2/2
   552 | D:2      | Reached skill level 5 in Long Blades
   552 | D:2      | Reached XP level 3. HP: 17/27 MP: 3/3
  1237 | D:3      | Reached XP level 4. HP: 27/33 MP: 4/4
  1367 | D:3      | Reached skill level 6 in Long Blades
  1542 | D:3      | Found a glowing golden altar of the Shining One.
  1877 | D:3      | Noticed Grinder
  1885 | D:3      | Killed Grinder
  1886 | D:3      | Reached skill level 8 in Long Blades
  1886 | D:3      | Reached XP level 5. HP: 3/38 MP: 5/5
  1886 | D:3      | Reached XP level 6. HP: 4/44 MP: 6/6
  2309 | D:4      | Found a snail-covered altar of Cheibriados.
  2346 | D:5      | Entered Level 5 of the Dungeon
  2353 | D:5      | Slain by an iguana

Illustrated notes

Levels and vault maps discovered:
D:1:      lemuel_arrival_room, layout_rooms, chequers_ecumenical_altar_simple,
          serial_park_tiny_2
D:2:      layout_loops_ring, serial_undead, serial_undead_f, serial_undead_c,
          serial_undead_a, serial_undead_e, skrybe_limestone_x
D:3:      layout_basic, mainiacjoe_overflow_alcove_4, uniq_grinder
D:4:      layout_cave_pools, okawaru_metal_pillars_1_2, cheibriados_altar_1,
          nicolae_overflow_hallway_of_the_gods, nicolae_shop_overcharged_wands
D:5:      layout_cave_pods, fedhas_altar_2, mainiacjoe_overflow_tiny_flanked,
          minmay_temple_entry_glass, ebering_ghost_sewer_d,
          minmay_misc_feat_tower

Skill      XL: |  1  2  3  4 |
---------------+-------------+-----
Long Blades    | 4 5 8 |  8.5
Fighting       | |  2.1
Throwing       | |  2.0
Dodging        | |  4.0

Action                   |  1- 3 |  4- 6 || total
-------------------------+-------+-------++-------
Melee: Long sword        |   116 |    66 ||   182
       Punch             |       |     1 ||     1
  Use: Potion            |       |     5 ||     5
 Stab: Sleeping          |     1 |       ||     1
Armor: Leather armour    |    29 |    28 ||    57
Dodge: Dodged            |   101 |    64 ||   165

Table legend: (Time is in decaauts)
 A = Elapsed time spent in this place.
 B = Non-inter-level travel time spent in this place.
 C = Inter-level travel time spent in this place.
 D = Time resting spent in this place.
 E = Time spent auto-exploring this place.
 F = Levels seen in this place.
 G = Mean time per level.
                   A        B        C        D        E       F      G
               +--------+--------+--------+--------+--------+-----+--------+
         Total |   2374 |   2293 |     81 |    244 |   1621 |   5 |  474.8 |
       Dungeon |   2374 |   2293 |     81 |    244 |   1621 |   5 |  474.8 |
               +--------+--------+--------+--------+--------+-----+--------+

Top non-repeatable levels by time:
     D:3: 1062 daAuts
     D:2: 754 daAuts
     D:1: 482 daAuts
     D:4: 69 daAuts
     D:5: 6 daAuts
